 Dungeon Crawl Stone Soup version 0.19-a0-1875-g4fea3da (webtiles) character file.

2043 Lochraine the Arsonist (level 9, -8/52 HPs)
             Began as a Deep Elf Fire Elementalist on Oct 13, 2016.
             Was a Believer of Sif Muna.
             Killed from afar by a deep elf mage (21 damage)
             ... with a bolt of lightning
             ... on level 7 of the Dungeon.
             The game lasted 00:50:40 (8455 turns).

Lochraine the Arsonist (Deep Elf Fire Elementalist) Turns: 8455, Time: 00:50:41

Health: -8/52      AC:  3    Str:  5    XL:     9   Next: 4%
Magic:  0/21       EV: 16    Int: 24    God:    Sif Muna [**....]
Gold:   348        SH:  0    Dex: 15    Spells: 4 memorised, 12 levels left

rFire  . . .     SeeInvis .     D - +1 rapier (venom)
rCold  . . .     Gourm    .     a - +0 robe
rNeg   . . .     Faith    .     (no shield)
rPois  .         Spirit   .     (no helmet)
rElec  .         Dismiss  .     C - +0 cloak
rCorr  +         Reflect  .     (no gloves)
MR     .....     Harm     .     (no boots)
Stlth  ++........               z - amulet of regeneration
                                (no ring)
                                f - ring of resist corrosion

@: no status effects
A: no striking features
a: Divine Energy, Renounce Religion


You were on level 7 of the Dungeon.
You worshipped Sif Muna.
Sif Muna was pleased with you.
You were very hungry.

You visited 1 branch of the dungeon, and saw 7 of its levels.

You collected 348 gold pieces.

Inventory:

Hand Weapons
 j - a +0 falchion
 x - a +1 dagger of holy wrath
 A - a cursed -3 short sword
 D - a +1 rapier of venom (weapon)
Missiles
 g - 27 stones (quivered)
Armour
 a - a +0 robe (worn)
 C - a +0 cloak (worn)
Jewellery
 f - a ring of resist corrosion (left hand)
 z - an amulet of regeneration (around neck)
Scrolls
 d - a scroll of noise {unknown}
 e - 2 scrolls of remove curse
 h - 2 scrolls of enchant weapon
 i - a scroll of identify
 k - 2 scrolls of amnesia
 y - a scroll of enchant armour {unknown}
 B - a scroll of brand weapon {unknown}
Potions
 l - 3 potions of lignification
 n - 2 potions of agility
 q - a potion of magic {unknown}
 s - a potion of might {unknown}
 u - a potion of mutation {unknown}
 w - a potion of cancellation {unknown}
Books
 b - a book of Flames

   Spells                             Type                      Level
   a - Flame Tongue                   Conjuration/Fire             1
   b - Throw Flame                    Conjuration/Fire             2
   c - Conjure Flame                  Conjuration/Fire             3
   d - Inner Flame                    Hexes/Fire                   3
   e - Sticky Flame                   Conjuration/Fire             4
   f - Fireball                       Conjuration/Fire             5
Comestibles
 c - 4 bread rations
 m - a slice of pizza
 p - a beef jerky
 t - 2 meat rations


   Skills:
 - Level 4.1 Fighting
 - Level 6.0 Dodging
 - Level 2.4 Stealth
 - Level 7.0 Spellcasting
 - Level 5.1 Conjurations
 + Level 8.1 Fire Magic


You had 12 spell levels left.
You knew the following spells:

 Your Spells              Type           Power        Failure   Level  Hunger
a - Flame Tongue          Conj/Fire      #####        1%          1    None
b - Throw Flame           Conj/Fire      #####.       1%          2    None
c - Conjure Flame         Conj/Fire      #####...     1%          3    None
d - Sticky Flame          Conj/Fire      #####...     6%          4    ###....


Dungeon Overview and Level Annotations

Branches:
Dungeon (7/15)             Temple (0/1) D:6

Altars:
Dithmenos
Okawaru
Sif Muna
The Shining One

Annotations:
D:4 Blork the orc; Dowan; Grinder
D:5 Amnesiac's ghost, amateur HaMo


Message History

You see here a sling bullet.
Joseph shoots a sling bullet.
The sling bullet completely misses you.
You see here a sling bullet.
Casting: Throw Flame
Confirm with . or Enter, or press ? or * to list all spells.
Aiming: Flame Tongue
Press: ? - help, Shift-Dir - straight line, f/p - Joseph
Aim: Joseph, wielding a hunting sling and wearing a ring mail (almost dead)
The flame tongue hits Joseph.
You kill Joseph!
Sif Muna accepts your kill.
Sif Muna is protecting you from the effects of miscast magic.
Your Fire Magic skill increases to level 8!
You have reached level 9!
Your experience leads to an increase in your attributes!
Increase (S)trength, (I)ntelligence, or (D)exterity?
You feel clever. The deep elf mage casts a spell at you.
The bolt of lightning hits you!
You die...

#§# ###.## #Z###
####'### #§e.#
#.....# ###(#
#.##..#### #(#
#.##..##.. #(#
#.#...##.# #(#
#......... #(#
#.#...##.#
#@#######.#...##.#
#.............##.#
############)###..
#.# ### #.# #.#
#.##### #.#....
#.#.###


You could see a deep elf mage.

Vanquished Creatures
  Joseph (D:7)
  Prince Ribbit (D:7)
  Eustachio (D:7)
  Duvessa (D:4)
  A sky beast (D:7)
  An ogre (D:5)
  2 centaurs (D:6)
  4 scorpions
  A water moccasin skeleton (D:5)
  A crimson imp (D:5)
  3 orc priests
  A hound (D:4)
  An iguana (D:6)
  4 orc wizards
  4 worker ants
  A hound skeleton (D:4)
  A howler monkey skeleton (D:5)
  11 gnolls
  11 adders
  3 oozes
  An adder skeleton (D:5)
  5 worms
  A leopard gecko (D:5)
  12 orcs
  5 ball pythons
  4 giant cockroaches
  7 goblins
  6 hobgoblins
  2 jackals (D:2)
  8 quokkas
  5 bats
  6 frilled lizards
  A jackal zombie (D:5)
  12 kobolds
  5 rats
134 creatures vanquished.

Vanquished Creatures (others)
  3 orc wizards (D:4)
3 creatures vanquished.

Grand Total: 137 creatures vanquished

Notes
Turn   | Place    | Note
-------+----------+-------------------------------------------
     0 | D:1      | Lochraine the Deep Elf Fire Elementalist began the quest for the Orb.
     0 | D:1      | Reached XP level 1. HP: 10/10 MP: 6/6
   147 | D:1      | Reached XP level 2. HP: 8/15 MP: 6/8
   455 | D:1      | Learned a level 2 spell: Throw Flame
   593 | D:1      | Found an iron altar of Okawaru.
  1320 | D:2      | Reached skill level 4 in Fire Magic
  1320 | D:2      | Reached XP level 3. HP: 19/19 MP: 5/9
  1650 | D:2      | Learned a level 3 spell: Conjure Flame
  2059 | D:2      | Reached XP level 4. HP: 21/24 MP: 7/10
  3118 | D:2      | Reached XP level 5. HP: 15/28 MP: 7/11
  3315 | D:3      | Reached skill level 5 in Fire Magic
  3536 | D:3      | Found a glowing golden altar of the Shining One.
  3536 | D:3      | Found a faded altar of an unknown god.
  3541 | D:3      | Found a faded altar of an unknown god.
  3543 | D:3      | Found a shadowy altar of Dithmenos.
  3545 | D:3      | Found a deep blue altar of Sif Muna.
  3548 | D:3      | Became a worshipper of Sif Muna the Loreminder
  3713 | D:4      | Noticed Dowan
  3715 | D:4      | Noticed Duvessa
  3826 | D:4      | Noticed Grinder
  3826 | D:4      | Noticed Eustachio
  4227 | D:4      | Reached XP level 6. HP: 19/32 MP: 10/12
  4232 | D:4      | Reached skill level 5 in Conjurations
  4343 | D:4      | Learned a level 4 spell: Sticky Flame
  4707 | D:4      | Noticed Blork the orc
  4862 | D:5      | Entered Level 5 of the Dungeon
  4862 | D:5      | Noticed Amnesiac's ghost (amateur HaMo)
  5017 | D:4      | Reached skill level 1 in Fighting
  5403 | D:5      | Reached XP level 7. HP: 26/40 MP: 0/13
  6054 | D:6      | Reached skill level 5 in Dodging
  6880 | D:4      | Killed Duvessa
  6880 | D:4      | Reached skill level 5 in Spellcasting
  6880 | D:4      | Reached XP level 8. HP: 36/44 MP: 5/18
  7075 | D:6      | Reached * piety under Sif Muna
  7790 | D:6      | Found a staircase to the Ecumenical Temple.
  7841 | D:7      | Noticed Prince Ribbit
  7857 | D:7      | Killed Prince Ribbit
  8295 | D:7      | Killed Eustachio
  8295 | D:7      | Reached skill level 6 in Fire Magic
  8406 | D:7      | Reached skill level 7 in Fire Magic
  8423 | D:7      | Noticed Joseph
  8429 | D:7      | Noticed a deep elf mage
  8454 | D:7      | Killed Joseph
  8454 | D:7      | Reached ** piety under Sif Muna
  8454 | D:7      | Reached skill level 8 in Fire Magic
  8454 | D:7      | Reached XP level 9. HP: 12/52 MP: 0/21
  8455 | D:7      | Killed from afar by a deep elf mage

Vault maps used:
D:1:      dpeg_arrival_leaves_temple_mockup, okawaru_ov_weapons_minmay
D:2:      fountainhead
D:3:      chequers_temple_overflow_minitemple, first_bread,
          corexii_hall_statues_i
D:4:      lemuel_old_faithful, uniq_blork_the_orc, uniq_grinder, uniq_eustachio,
          uniq_duvessa
D:5:      hex_medium
D:7:      grunt_livestock, david_defended_altar_elf, uniq_joseph,
          uniq_prince_ribbit1

Skill      XL: |  1  2  3  4  5  6  7  8 |
---------------+-------------------------+-----
Conjurations   | 2 3 4 5 |  5.1
Fire Magic     | 4 5 8 |  8.1
Dodging        | 4 6 |  6.0
Fighting       | 2 4 |  4.1
Spellcasting   | 5 7 |  7.0
Stealth        | |  2.4

Action                   |  1- 3 |  4- 6 |  7- 9 || total
-------------------------+-------+-------+-------++-------
Melee: Club              |    33 |       |       ||    33
       Falchion          |    35 |    79 |    73 ||   187
       Dagger            |       |       |    89 ||    89
       Rapier            |       |       |     1 ||     1
Throw: Stone             |       |       |     8 ||     8
 Cast: Flame Tongue      |    44 |    85 |   114 ||   243
       Throw Flame       |    12 |    28 |    31 ||    71
       Sticky Flame      |       |     3 |     5 ||     8
       Conjure Flame     |       |     2 |     6 ||     8
  Use: Scroll            |       |     6 |     7 ||    13
       Potion            |       |       |     5 ||     5
 Stab: Sleeping          |     7 |     2 |     2 ||    11
  Eat: Chunk             |     4 |    12 |     9 ||    25
       Pizza             |       |       |     1 ||     1
Armor: Robe              |    28 |    26 |    20 ||    74
Dodge: Dodged            |    89 |   117 |   196 ||   402
       Rpst.: Falchion   |    20 |    40 |    33 ||    93
